 Dungeon Crawl Stone Soup version 0.17-a0-755-g4391640 (console) character file.

988 sose the Slasher (level 7, -1/59 HPs)
             Began as a Pale Draconian Skald on Apr 22, 2015.
             Was an Initiate of Ashenzari.
             Slain by a wyvern (10 damage)
             ... on level 8 of the Dungeon.
             The game lasted 00:22:22 (7340 turns).

sose the Slasher (Pale Draconian Skald)             Turns: 7340, Time: 00:22:22

Health: -1/59      AC:  9    Str: 14    XL:     7   Next: 97%
Magic:  10/12      EV: 12    Int: 15    God:    Ashenzari [......]
Gold:   311        SH:  0    Dex: 10    Spells: 5 memorised, 3 levels left

rFire  . . .     SeeInvis .     a - +1 falchion
rCold  . . .     Clarity  .     (armour unavailable)
rNeg   . . .     SustAb   +     (no shield)
rPois  .         Gourm    .     (helmet restricted)
rElec  .         Spirit   .     (no cloak)
rCorr  .         Warding  .     h - +2 pair of gloves (curse)
rMut   .         Stasis   .     (no boots)
MR     .....                    (no amulet)
Stlth  +.........               (no ring)
                                D - ring of sustain abilities

@: very slightly contaminated, not resistant to hostile enchantments, very
unstealthy
A: breathe steam, unfitting armour, cold-blooded, AC +6
a: Breathe Steam, Renounce Religion


You were on level 8 of the Dungeon.
You worshipped Ashenzari.
Ashenzari was noncommittal.
You were not hungry.

You visited 2 branches of the dungeon, and saw 9 of its levels.

You collected 311 gold pieces.

Inventory:

Hand weapons
 a - a +1 falchion (weapon)
 m - a +0 blowgun
Missiles
 k - 8 silver tomahawks (quivered)
 l - 33 poisoned needles
Armour
 h - a cursed +2 pair of gloves (worn)
Jewellery
 D - a ring of sustain abilities (left hand)
Magical devices
 G - a wand of lightning (6)
Scrolls
 d - 4 scrolls of noise
 e - 2 scrolls of blinking
 g - 3 scrolls of identify
 j - 2 scrolls of random uselessness
 n - a scroll of amnesia
 r - a scroll of teleportation
 B - a scroll of curse jewellery
 C - a scroll of remove curse
 F - 4 scrolls of curse weapon
Potions
 c - a potion of magic
 s - a potion of might {unknown}
 t - 2 potions of cancellation {unknown}
 u - 2 potions of restore abilities {unknown}
 x - a potion of beneficial mutation {unknown}
 z - a potion of brilliance {unknown}
Books
 b - a book of Battle

   Spells                             Type                      Level
   a - Infusion                       Charms                       1
   b - Shroud of Golubria             Charms/Translocation         2
   c - Song of Slaying                Charms                       2
   d - Spectral Weapon                Hexes/Charms                 3
   e - Regeneration                   Charms/Necromancy            3
 p - a book of Party Tricks

   Spells                             Type                      Level
   a - Summon Butterflies             Summoning                    1
   b - Apportation                    Translocation                1
   c - Tukima's Dance                 Hexes                        3
   d - Alistair's Intoxication        Transmutation/Poison         4
   e - Invisibility                   Hexes                        6
 E - a book of Beasts

   Spells                             Type                      Level
   a - Summon Butterflies             Summoning                    1
   b - Call Canine Familiar           Summoning                    3
   c - Summon Ice Beast               Ice/Summoning                4
   d - Summon Mana Viper              Hexes/Summoning              5
   e - Monstrous Menagerie            Summoning                    6
   f - Summon Hydra                   Summoning                    7
Comestibles
 f - 3 meat rations
 i - 3 beef jerkies
 o - 3 bread rations
 A - a chunk of flesh


   Skills:
 + Level 4.2 Fighting
 + Level 5.1 Long Blades
 + Level 3.3 Dodging
 + Level 3.6 Spellcasting
 + Level 4.2 Charms
 - Level 2.0 Necromancy
 - Level 2.2 Translocations


You had 3 spell levels left.
You knew the following spells:

 Your Spells              Type           Power        Failure   Level  Hunger
a - Infusion              Chrm           ###...       3%          1    None
c - Regeneration          Chrm/Necr      ##........   17%         3    ###....
d - Shroud of Golubria    Chrm/Tloc      ##........   10%         2    ##.....
e - Spectral Weapon       Hex/Chrm       #.......     24%         3    ###....
f - Summon Butterflies    Summ           #.......     21%         1    None


Dungeon Overview and Level Annotations

Branches:
Dungeon (8/15)             Temple (1/1) D:5
   Lair: D:8-11

Altars:
Ashenzari
Cheibriados
Dithmenos
Elyvilon
Fedhas
Gozag
Kikubaaqudgha
Makhleb
Nemelex Xobeh
Okawaru
Sif Muna
Trog
Vehumet
Yredelemnul
Zin

Annotations:
D:4 ololoev's ghost, average DgWn
D:7 ololoev's ghost, experienced DgWn


Innate Abilities, Weirdness & Mutations

You can breathe blasts of scalding, opaque steam.
Your pale cyan-grey scales are hard (AC +6).
Your body does not fit into most forms of armour.
You are cold-blooded and may be slowed by cold attacks.


Message History

Your butterfly disappears in a puff of smoke!
Found a scroll of remove curse.
Found 15 gold pieces.
Found a cursed staff of death.
The wyvern completely misses your butterfly.
Your magical contamination has completely faded away.
Casting: Summon Butterflies
Confirm with . or Enter, or press ? or * to list all spells.
You miscast Summon Butterflies.
You are very lightly contaminated with residual magic.
Nothing appears to happen.
The wyvern closely misses you. The wyvern closely misses you.
The giant cockroach barely misses you.
The orc wizard gestures wildly while chanting.
The orc wizard flickers and vanishes!
The giant cockroach bites you but does no damage.
Something misses your butterfly.
The wyvern bites you but does no damage.
You swap places.
The wyvern bites you!
You die...

#......## #..# # #....#..##
##.## # #..#....##..# #..## ##
#........#..# #...###
b###............# ##.....##
....####.b...b..###.......###...
.b# ###.....b..##..###.........
b## ##..o......s.<.####..#######
b####.....b...bl@.####..##
#b##......b...b....##..##
#.#.........#####.....##
..............# ##....#
##.............# ##...###
#...............# #.....##
.............?... ###.##.##
................. #'##..##
............$... #_###..##


You could see a wyvern, an orc wizard and a giant cockroach.

Vanquished Creatures
  Eustachio (D:5)
  Purgy (D:4)
  A black bear (D:7)
  A giant frog (D:5)
  A scorpion (D:4)
  A giant frog skeleton (D:7)
  3 hounds
  An orc wizard (D:5)
  Natasha (twice) (D:3)
  3 worker ants
  4 gnolls
  A worker ant zombie (D:7)
  10 adders
  A shadow imp (D:7)
  4 oozes
  2 adder skeletons
  2 worms
  5 giant geckos
  11 orcs
  13 bats
  14 goblins
  10 hobgoblins
  A quokka (D:5)
  A ball python (D:3)
  10 giant cockroaches
  3 giant newts
  4 jackals (D:5)
  A jackal skeleton (D:4)
  13 kobolds
  10 rats
135 creatures vanquished.

Vanquished Creatures (others)
  7 butterflies (D:8)
7 creatures vanquished.

Grand Total: 142 creatures vanquished

Notes
Turn   | Place    | Note
--------------------------------------------------------------
     0 | D:1      | sose, the Draconian Skald, began the quest for the Orb.
     0 | D:1      | Reached XP level 1. HP: 17/17 MP: 3/3
   325 | D:1      | Reached XP level 2. HP: 22/24 MP: 5/5
   376 | D:1      | Reached skill level 3 in Charms
   512 | D:1      | Learned a level 2 spell: Song of Slaying
   634 | D:1      | Reached XP level 3. HP: 15/29 MP: 2/6
  1015 | D:2      | Found a radiant altar of Vehumet.
  1890 | D:3      | Reached XP level 4. HP: 31/36 MP: 7/7
  1906 | D:3      | Learned a level 3 spell: Regeneration
  2311 | D:3      | Noticed Natasha
  2325 | D:3      | Killed Natasha
  2802 | D:3      | Reached XP level 5. HP: 40/44 MP: 9/9
  2957 | D:3      | Noticed Natasha
  2966 | D:3      | Killed Natasha
  3297 | D:4      | Learned a level 2 spell: Shroud of Golubria
  3332 | D:4      | Reached skill level 4 in Charms
  3441 | D:4      | Noticed ololoev's ghost (average DgWn)
  3787 | D:4      | Reached XP level 6. HP: 28/51 MP: 10/10
  3795 | D:4      | Learned a level 3 spell: Spectral Weapon
  4123 | D:4      | Noticed Purgy
  4155 | D:4      | Killed Purgy
  4155 | D:4      | Reached skill level 1 in Necromancy
  5170 | D:5      | Entered Level 5 of the Dungeon
  5230 | D:5      | Found a staircase to the Ecumenical Temple.
  5240 | Temple   | Entered the Ecumenical Temple
  5327 | Temple   | Became a worshipper of Ashenzari the Shackled
  5384 | D:5      | Found a bloodstained altar of Trog.
  5864 | D:5      | Reached skill level 1 in Translocations
  5864 | D:5      | Your scales start taking on a pale cyan-grey colour.
  5864 | D:5      | Reached XP level 7. HP: 40/59 MP: 5/11
  6055 | D:5      | Noticed Eustachio
  6089 | D:5      | Killed Eustachio
  6413 | D:6      | You fall through a shaft!
  6555 | D:7      | Learned a level 1 spell: Summon Butterflies
  6614 | D:7      | Reached skill level 5 in Long Blades
  6792 | D:7      | Noticed ololoev's ghost (experienced DgWn)
  7168 | D:8      | Found an ancient bone altar of Kikubaaqudgha.
  7212 | D:8      | Found an opulent altar of Gozag.
  7275 | D:8      | Noticed a wyvern
  7340 | D:8      | Slain by a wyvern

Action                   |  1- 3 |  4- 6 |  7- 9 || total
-------------------------+-------+-------+-------++-------
Melee: Falchion          |   154 |   346 |   118 ||   618
 Fire: Blowgun           |       |    16 |    13 ||    29
Throw: Tomahawk          |       |    10 |       ||    10
 Cast: Infusion          |     3 |     1 |       ||     4
       Song of Slaying   |     1 |       |       ||     1
       Regeneration      |       |     9 |     4 ||    13
       Shroud of Golubri |       |     1 |       ||     1
       Spectral Weapon   |       |     2 |     1 ||     3
       Summon Butterflie |       |       |     4 ||     4
 Abil: Breathe Steam     |       |       |     7 ||     7
  Use: Potion            |       |     2 |       ||     2
       Scroll            |       |       |    11 ||    11
 Stab: Sleeping          |       |     1 |       ||     1
  Eat: Chunk             |     1 |     5 |     5 ||    11
       Bread ration      |     1 |       |       ||     1
       Pizza             |       |     2 |       ||     2
       Meat ration       |       |     1 |       ||     1
       Fruit             |       |       |     3 ||     3
